 Dungeon Sprint DCSS version 0.30-a0-1075-gcd70e7a56d (webtiles) character file.

Game seed: 9315683479932964701

933 Darkkill the Covert (level 8, -2/71 HPs)
             Began as a Human Monk on Apr 14, 2023.
             Was a Priest of Nemelex Xobeh.
             Slain by a ghost moth (12 damage)
             ... in the Dungeon (Sprint VII: "The Pits").
             The game lasted 00:03:25 (522 turns).

Darkkill the Covert (Human Monk)                     Turns: 522, Time: 00:03:25

Health: -2/71      AC:  2    Str: 13      XL:     8   Next: 33%
Magic:  0/8        EV: 16    Int: 10 (11) God:    Nemelex Xobeh [***...]
Gold:   0          SH:  0    Dex: 15 (16) Spells: 7/7 levels left

rFire   . . .      SeeInvis .    o - +0 trident (heavy)
rCold   . . .      Faith    .    d - orb {light}
rNeg    . . .      Spirit   .    b - +0 robe
rPois   .          Reflect  .    (no helmet)
rElec   .          Rampage  .    (no cloak)
rCorr   .          NoTele   +    (no gloves)
Will    .....                    (no boots)
Stlth   ++                       (no amulet)
HPRegen 0.31/turn                (no ring)
MPRegen 0.11/turn                (no ring)

@: glowing
A: no striking features
a: Renounce Religion, Draw Escape, Draw Destruction, Draw Summoning, Triple Draw


You were in the Dungeon.
You worshipped Nemelex Xobeh.
Nemelex Xobeh was most pleased with you.
You visited 1 branch

Inventory:

Hand Weapons
 o - a +0 heavy trident (weapon)
Missiles
 l - 10 stones (quivered)
Armour
 b - a +0 robe (worn)
 d - an orb of light (worn)
Scrolls
 j - a scroll of blinking
 m - 5 scrolls of amnesia
 n - a scroll of summoning
Potions
 a - 2 potions of invisibility
 c - a potion of ambrosia
 e - 6 potions of curing {@q1}
 f - 3 potions of heal wounds
 g - a potion of haste
 h - 4 potions of magic
 i - 3 potions of berserk rage


   Skills:
 + Level 9.2 Fighting
 + Level 9.2 Long Blades
 + Level 9.2 Dodging
 + Level 9.7 Stealth


You had 7 spell levels left.
You didn't know any spells.
Your spell library was empty.

Dungeon Overview and Level Annotations

Branches:
Dungeon (1/1)

Altars:
Ashenzari
Cheibriados
Dithmenos
Elyvilon
Fedhas
Gozag
Hepliaklqana
Kikubaaqudgha
Makhleb
Nemelex Xobeh
Okawaru
Qazlal
Ru
Sif Muna
Trog
Uskayaw
Vehumet
Wu Jian
Xom
Yredelemnul
Zin
The Shining One
Jiyva
Lugonu


Message History

You hit the adder zombie.
The adder zombie is lightly damaged.
The adder zombie barely misses you. The adder zombie misses you.
You puncture the adder zombie!
The adder zombie is severely damaged.
The adder zombie bites you. The adder zombie closely misses you.
You hit the adder zombie.
The adder zombie is almost destroyed.
The adder zombie misses you. x2
You puncture the adder zombie!
You destroy the adder zombie!
Things that are here:
a +0 shortbow; a sky beast corpse; a centaur corpse
There is an open door, spattered with blood here.
You start resting.
HP restored.
You see here a +0 trident.
As you open the door, it creaks loudly!
An ufetubus and a troll come into view.
The ufetubus shouts!
The troll shouts!
You draw a card...
You have drawn the Rangers.
You feel you are being watched by something.
You feel your power leaking away.
A ghost moth comes into view.
The ufetubus hits your centaur warrior. x2
The ghost moth stares at you.
The ufetubus barely misses your centaur warrior.
The ufetubus closely misses your centaur warrior.
Your centaur warrior hits the ufetubus!
The ufetubus dies!
There is an open door, spattered with blood here.
Your centaur warrior hits the ghost moth!
Your centaur warrior kicks the ghost moth but does no damage.
Your centaur warrior hits the ghost moth.
Your centaur warrior kicks the ghost moth but does no damage.
You swap places.
Your centaur warrior hits the ghost moth.
Your centaur warrior barely misses the ghost moth.
The ghost moth hits you. The ghost moth barely misses you.
The ghost moth stings you.
There is an open door, spattered with blood here.
You swap places.
Your centaur warrior hits the ghost moth.
Your centaur warrior kicks the ghost moth.
Your centaur warrior hits the ghost moth!
Your centaur warrior kicks the ghost moth but does no damage.
The ghost moth barely misses your centaur warrior.
The ghost moth hits your centaur warrior!
The ghost moth stings your centaur warrior!
Your centaur warrior barely misses the ghost moth.
Your centaur warrior kicks the ghost moth but does no damage.
Your centaur warrior hits the ghost moth.
Your centaur warrior kicks the ghost moth but does no damage.
The ghost moth hits your centaur warrior!
The ghost moth barely misses your centaur warrior.
The ghost moth stings your centaur warrior.
Your centaur warrior closely misses the ghost moth.
Your centaur warrior kicks the ghost moth.
Your centaur warrior hits the ghost moth.
Your centaur warrior closely misses the ghost moth.
There is an open door here.
Your centaur warrior hits the ghost moth!
Your centaur warrior kicks the ghost moth.
Your centaur warrior hits the ghost moth.
Your centaur warrior kicks the ghost moth but does no damage.
The ghost moth hits your centaur warrior!!
Your centaur warrior dies!
Your centaur warrior's corpse disappears in a puff of smoke!
Your centaur warrior closely misses the ghost moth. x2
The ghost moth stares at your centaur warrior.
The ghost moth hits your centaur warrior!!
The ghost moth barely misses your centaur warrior.
The ghost moth stings your centaur warrior!
Your centaur warrior hits the ghost moth but does no damage.
Your centaur warrior kicks the ghost moth but does no damage.
The ghost moth stares at your centaur warrior.
The ghost moth hits your centaur warrior!!
The ghost moth hits your centaur warrior!
Your centaur warrior dies!
Your centaur warrior's corpse disappears in a puff of smoke!
There is an open door here.
You draw a card...
You have drawn the Dance.
The deck of cards disappears without a trace.
The ghost moth stares at you. The ghost moth stares at you.
You hit the ghost moth.
The ghost moth is severely wounded.
The ghost moth completely misses you. The ghost moth hits you.
You feel dopey. The ghost moth closely misses you. The ghost moth hits you! x2
The ghost moth barely misses you.
Your -2 hand axe of venom barely misses the ghost moth.
The ghost moth stares at you.
You feel your power leaking away. The ghost moth barely misses you.
The ghost moth hits you!
* * * LOW HITPOINT WARNING * * *
You feel clumsy. The ghost moth stings you!
You die...
Your body glows with a rainbow of weird colours and disappears.

#)#........##.......#
#'###########.......#
#.......#.. #########
#.รท.#...#.# ####
#...#...#)#....#
#.##)##.#'#....#
#...#)..#)'....+
#...#..(#'#....#
#......@yT# ...#
########### ###


You could see a ghost moth (invisible, ally target), a troll and a friendly -2
hand axe of venom (summoned).

Vanquished Creatures
  A red devil (D)
  A floating eye (D)
  An ice beast (D)
  Pargi (D)
  A sky beast (D)
  A centaur (D)
  A phantom (D)
  A hound (D)
  A quasit (D)
  3 orc priests (D)
  An adder zombie (D)
  An orc (D)
  2 goblins (D)
  4 jackals (D)
  A ball python (D)
  A ball python skeleton (D)
  2 bats (D)
  A jackal zombie (D)
  A quokka zombie (D)
  A rat (D)
27 creatures vanquished.

Vanquished Creatures (collateral kills)
  An ufetubus (D)
1 creature vanquished.

Grand Total: 28 creatures vanquished

Notes
Turn   | Place    | Note
-------+----------+-------------------------------------------
     0 | D        | Darkkill the Human Monk began the quest for the Orb.
     0 | D        | Reached XP level 1. HP: 18/18 MP: 1/1
    44 | D        | Found a bloodstained altar of Trog.
    44 | D        | Found a shimmering blue altar of Sif Muna.
    44 | D        | Found a viscous altar of Jiyva.
    44 | D        | Found a hazy altar of Hepliaklqana.
    44 | D        | Found an opulent altar of Gozag.
    45 | D        | Found a glowing golden altar of the Shining One.
    45 | D        | Found a glowing silver altar of Zin.
    45 | D        | Found a basalt altar of Yredelemnul.
    45 | D        | Found a shimmering altar of Xom.
    45 | D        | Found an ornate altar of the Wu Jian Council.
    45 | D        | Found a sacrificial altar of Ru.
    45 | D        | Found a stormy altar of Qazlal.
    45 | D        | Found an iron altar of Okawaru.
    45 | D        | Found a sparkling altar of Nemelex Xobeh.
    45 | D        | Found a burning altar of Makhleb.
    45 | D        | Found a blossoming altar of Fedhas.
    45 | D        | Found a white marble altar of Elyvilon.
    45 | D        | Found a shadowy altar of Dithmenos.
    45 | D        | Found a snail-covered altar of Cheibriados.
    47 | D        | Found a radiant altar of Vehumet.
    47 | D        | Found a corrupted altar of Lugonu.
    48 | D        | Found a hide-covered altar of Uskayaw.
    48 | D        | Found an ancient bone altar of Kikubaaqudgha.
    48 | D        | Found a broken altar of Ashenzari.
    54 | D        | Became a worshipper of Nemelex Xobeh the Trickster
    54 | D        | Reached * piety under Nemelex Xobeh
    54 | D        | Received a gift from Nemelex Xobeh
    54 | D        | Reached ** piety under Nemelex Xobeh
    70 | D        | Noticed a floating eye
    71 | D        | Paralysed by a floating eye for 2 turns
    75 | D        | Killed a floating eye
    76 | D        | Reached skill level 5 in Fighting
    76 | D        | Reached skill level 5 in Long Blades
    76 | D        | Reached skill level 5 in Dodging
    76 | D        | Reached skill level 5 in Stealth
    76 | D        | Reached XP level 2. HP: 26/27 MP: 2/2
    76 | D        | Reached XP level 3. HP: 32/33 MP: 3/3
    76 | D        | Reached XP level 4. HP: 38/39 MP: 4/4
    77 | D        | Reached XP level 5. HP: 43/44 MP: 5/5
   125 | D        | Noticed an ice beast
   138 | D        | Killed an ice beast
   139 | D        | Reached XP level 6. HP: 41/53 MP: 6/6
   236 | D        | Received a gift from Nemelex Xobeh
   238 | D        | Killed Pargi
   243 | D        | Reached XP level 7. HP: 61/61 MP: 7/7
   255 | D        | Reached *** piety under Nemelex Xobeh
   354 | D        | Noticed a red devil
   363 | D        | Killed a red devil
   364 | D        | Reached XP level 8. HP: 41/70 MP: 8/8
   511 | D        | Noticed a troll
   512 | D        | Noticed a ghost moth
   522 | D        | HP: 10/71 [ghost moth (15)]
   522 | D        | Slain by a ghost moth

Illustrated notes

Levels and vault maps discovered:
D:        pitsprint [storerooms_1, entrance_room_1, metal_vault_5, armoury_2,
          mini_pit_1, grid_room_1, main_hall_1, silver_pit, the_coven_2,
          the_vestibule_1, steel_vault_2, golden_pit, hallway_of_sentries,
          crystal_vault_3, iron_vault_2, final_vault]

Skill      XL: |  1  2  3  4  5  6  7  8 |
---------------+-------------------------+-----
Fighting       | 5 6 7 8 9 |  9.2
Long Blades    | 5 6 7 8 9 |  9.2
Dodging        | 5 6 7 8 9 |  9.2
Stealth        | 5 6 7 9 |  9.7

Action                     |  1- 3 |  4- 6 |  7- 9 || total
---------------------------+-------+-------+-------++-------
  Melee: Trident           |     3 |    21 |    27 ||    51
         Falchion          |     1 |       |       ||     1
 Invoke: Draw Destruction  |       |     6 |       ||     6
         Draw Summoning    |       |       |     2 ||     2
    Use: Potion            |       |       |     3 ||     3
   Stab: Sleeping          |       |       |     1 ||     1
 Armour: Robe              |     2 |     3 |     2 ||     7
  Dodge: Dodged            |     9 |    24 |    43 ||    76

Table legend: (Time is in decaauts)
 A = Elapsed time spent in this place.
 B = Non-inter-level travel time spent in this place.
 C = Inter-level travel time spent in this place.
 D = Time resting spent in this place.
 E = Time spent auto-exploring this place.
 F = Levels seen in this place.
 G = Mean time per level.
                   A        B        C        D        E       F      G
               +--------+--------+--------+--------+--------+-----+--------+
         Total |    552 |    534 |     18 |    274 |      0 |   1 |  552.0 |
       Dungeon |    552 |    534 |     18 |    274 |      0 |   1 |  552.0 |
               +--------+--------+--------+--------+--------+-----+--------+

Top non-repeatable levels by time:
       D: 552 daAuts

Table legend:
 A = Kills in this place as a percentage of kills in the entire game.
 B = Kills by you in this place as a percentage of kills by you in the entire game.
 C = Kills by friends in this place as a percentage of kills by friends in the entire game.
 D = Other kills in this place as a percentage of other kills in the entire game.
 E = Experience gained in this place as a percentage of experience gained in the entire game.
 F = Experience gained in this place divided by the number of levels of this place that you have seen.
                   A       B       C       D       E      F
               +-------+-------+-------+-------+-------+----------------------
         Total | 100.0 | 100.0 | 100.0 |   N/A | 100.0 | 1334.0
       Dungeon | 100.0 | 100.0 | 100.0 |   N/A | 100.0 | 1334.0
               +-------+-------+-------+-------+-------+----------------------
